 Dungeon Crawl Stone Soup version 0.29.0-5-ge4962eb29e (webtiles) character file.

Game seed: 3530273614292344578

93 Descartes the Twirler (level 4, 0/24 HPs)
             Began as a Deep Elf Wanderer on Aug 29, 2022.
             Killed from afar by Sigmund (8 damage)
             ... with a magic dart
             ... on level 2 of the Dungeon.
             The game lasted 00:02:45 (1582 turns).

Descartes the Twirler (Deep Elf Wanderer)           Turns: 1582, Time: 00:02:46

Health: 0/24       AC:  7    Str:  9    XL:     4   Next: 37%
Magic:  9/9        EV: 13    Int: 18    God:
Gold:   24         SH:  0    Dex: 15    Spells: 7/8 levels left

rFire   . . .      SeeInvis .   a - +0 quarterstaff (vorpal)
rCold   + . .      Faith    .   (shield currently unavailable)
rNeg    . . .      Spirit   .   d - +0 robe
rPois   .          Reflect  .   b - +0 helmet
rElec   .          Harm     .   (no cloak)
rCorr   .          Rampage  .   i - +2 pair of gloves
Will    .....                   e - +0 pair of boots
Stlth   +.........              (no amulet)
HPRegen 0.08/turn               h - ring of protection from cold
MPRegen 0.11/turn               (no ring)

@: confused
A: no striking features
a: no special abilities


You were on level 2 of the Dungeon.
You visited 1 branch of the dungeon, and saw 2 of its levels.

You collected 24 gold pieces.

Inventory:

Hand Weapons
 a - a +0 vorpal quarterstaff (weapon)
Missiles
 k - 20 stones
Armour
 b - a +0 helmet (worn)
 d - a +0 robe (worn)
 e - a +0 pair of boots (worn)
 i - a +2 pair of gloves (worn)
Jewellery
 h - a ring of protection from cold (left hand)
Scrolls
 c - a scroll of fear
 f - a scroll of identify {unknown}
 j - a scroll of vulnerability {unknown}
Potions
 g - a potion of heal wounds {unknown}


   Skills:
 + Level 5.4 Staves
 + Level 3.4 Dodging
 + Level 2.9 Stealth
 + Level 2.5 Spellcasting
 + Level 2.3 Hexes


You had 7 spell levels left.
You knew the following spells:

 Your Spells              Type           Power      Damage    Failure   Level
a - Slow                  Hex            40%        N/A       6%          1

Your spell library contained the following spells:

 Spells                   Type           Power      Damage    Failure   Level
 Confusing Touch          Hex            10%        N/A       19%         3


Dungeon Overview and Level Annotations

Branches:
Dungeon (2/15)

Altars:

Annotations:
D:2 Sigmund


Message History

There is a stone staircase leading up here.
Something hits you.
* * * LOW HITPOINT WARNING * * *
In your confused state, you trip and fall back down the stairs.
* * * LOW HITPOINT WARNING * * *
Something hits you.
* * * LOW HITPOINT WARNING * * *
You feel less confused.
You climb upwards.
Reactivating autopickup.
There is a stone staircase leading down here.
You can't go up here!
HP restored.
Done exploring.
You climb downwards.
Level annotation: Sigmund Sigmund barely misses you.
There is a stone staircase leading up here.
Sigmund mumbles some strange words.
Sigmund flickers and vanishes!
Deactivating autopickup; reactivate with Ctrl-A.
The rat closely misses you.
You hit the rat.
You kill the rat!
You hear some strange, mumbled words.
A magic dart appears from out of thin air!
The magic dart hits you.
No target in view!
No target in view!
No target in view!
You hear some strange, mumbled words.
You are confused.
There is a stone staircase leading up here.
Something hits you.
In your confused state, you trip and fall back down the stairs.
A magic dart appears from out of thin air!
The magic dart hits you.
A magic dart appears from out of thin air!
The magic dart hits you!
You die...

#. #.##########
#.##.......#
#.##......†########
#.##......g.r.....#
##.....###.#######r#
#......# #.#.....#.#
###...[..#
#.#.###†#{#
........##
#.#.#@.{#.#
....###.#
#.#.#####.#
..>.....#
#.#....@.r#
..$######
#.######### .......
#######


There were no monsters in sight!

Vanquished Creatures
  A scorpion (D:2)
  2 dart slugs (D:1)
  4 ball pythons (D:1)
  5 bats
  3 endoplasms (D:1)
  A goblin (D:1)
  A hobgoblin (D:1)
  6 jackals (D:1)
  A quokka (D:1)
  2 frilled lizards (D:1)
  3 rats
29 creatures vanquished.

Notes
Turn   | Place    | Note
-------+----------+-------------------------------------------
     0 | D:1      | Descartes the Deep Elf Wanderer began the quest for the
                  | Orb.
     0 | D:1      | Descartes set off with the following items: a +0 vorpal
                  | quarterstaff, a +0 helmet, a scroll of fear, a +0 robe; and
                  | the following spell memorised: Slow; and the following
                  | spells available to memorise: Confusing Touch.
     0 | D:1      | Reached XP level 1. HP: 10/10 MP: 5/5
   212 | D:1      | Reached XP level 2. HP: 15/15 MP: 6/6
   255 | D:1      | Found a faded altar of an unknown god.
   812 | D:1      | Reached XP level 3. HP: 19/19 MP: 7/7
   942 | D:2      | Noticed a scorpion
   948 | D:2      | Killed a scorpion
   949 | D:2      | Reached XP level 4. HP: 22/24 MP: 9/9
   977 | D:2      | Noticed Sigmund
  1288 | D:2      | HP: 1/24 [something (2)]
  1582 | D:2      | Killed from afar by Sigmund

Illustrated notes

Levels and vault maps discovered:
D:1:      amcnicky_arrival_gap_in_the_tavern_cellar, layout_rooms,
          basic_ecumenical_altar
D:2:      layout_basic, basic_altar, uniq_sigmund

Skill      XL: |  1  2  3 |
---------------+----------+-----
Stealth        | 2 |  2.9
Dodging        | 3 |  3.4
Spellcasting   | 2 |  2.5
Hexes          | 2 |  2.3
Staves         | |  5.4

Action                   |  1- 3 |  4- 6 || total
-------------------------+-------+-------++-------
Melee: Quarterstaff      |    59 |    21 ||    80
 Stab: Sleeping          |     4 |       ||     4
Armor: Robe              |    15 |    32 ||    47
Dodge: Dodged            |    55 |    45 ||   100
